 Dungeon Crawl Stone Soup version 0.28-a0-819-g6ef7baa362 (webtiles) character file.

Game seed: 13246597327152464079

595 cheechan the Chopper (level 7, -1/84 HPs)
             Began as a Palentonga Gladiator on Nov 8, 2021.
             Slain by an iguana (3 damage)
             ... on level 5 of the Dungeon.
             The game lasted 00:12:10 (3266 turns).

cheechan the Chopper (Palentonga Gladiator)         Turns: 3266, Time: 00:12:11

Health: -1/84      AC: 23    Str: 17    XL:     7   Next: 16%
Magic:  7/7        EV:  1    Int:  8    God:
Gold:   192        SH:  0    Dex: 14    Spells: 6/6 levels left

rFire   . . .      SeeInvis +   o - +3 flail
rCold   . . .      Faith    .   (no shield)
rNeg    . . .      Spirit   .   (armour currently unavailable)
rPois   +          Reflect  .   (helmet currently unavailable)
rElec   .          Harm     .   (cloak currently unavailable)
rCorr   .          Rampage  .   (gloves currently unavailable)
Will    .....      NoTele   +   (no barding)
Stlth   +.........              (no amulet)
HPRegen 0.24/turn               m - ring of flight
MPRegen 0.10/turn               (no ring)

@: tree-form
A: stationary, stasis, torment immunity, boosted hp, large, rugged brown scales
3, see invisible, (deformed body), (roll 1), (armoured tail), (reflexive curl)
a: no special abilities


You were on level 5 of the Dungeon.
You were a tree.
You visited 1 branch of the dungeon, and saw 6 of its levels.

You collected 192 gold pieces.

Inventory:

Hand Weapons
 a - a +1 war axe
 o - a +3 flail (weapon)
Missiles
 g - 20 sling bullets
 i - 40 bolts
 k - 37 arrows
 n - 2 silver boomerangs (quivered)
Armour
 c - a +0 helmet (melded)
 f - a +0 ring mail (melded)
Jewellery
 m - a ring of flight (left branch)
Scrolls
 h - 3 scrolls of fog
 j - 2 scrolls of amnesia
 l - a scroll of teleportation
Potions
 b - 2 potions of lignification
 e - a potion of mutation {unknown}
 p - a potion of cancellation {unknown}


   Skills:
 + Level 3.6 Fighting
 + Level 6.0 Axes
 + Level 0.4(3.7) Maces & Flails
 + Level 1.6 Throwing
 + Level 2.5 Armour
 + Level 3.3 Dodging
 + Level 0.1 Stealth


You had 6 spell levels left.
You didn't know any spells.
Your spell library contained the following spells:

 Spells                   Type           Power      Damage    Failure   Level
 Foxfire                  Conj/Fire      0%         2x1d4     41%         1
 Conjure Flame            Conj/Fire      0%         6-21      78%         3
 Ignite Poison            Fire/Tmut/Pois 0%         N/A       78%         3
 Inner Flame              Hex/Fire       0%         N/A       78%         3
 Mephitic Cloud           Conj/Pois/Air  0%         N/A       78%         3
 Flame Wave               Conj/Fire      0%         3d3       99%         4
 Freezing Cloud           Conj/Ice/Air   0%         6-21      100%        5


Dungeon Overview and Level Annotations

Branches:
Dungeon (6/15)
 Temple: D:4-7

Altars:

Shops:
D:1 ![==?


Innate Abilities, Weirdness & Mutations

You are a tree.
Your roots penetrate the ground, keeping you stationary.
You cannot be teleported.
You are immune to unholy pain and torment.
Your maximum health is greatly increased.
Your equipment is partially melded.
(You are completely covered in rugged brown scales. (AC +3, +7% HP))
You have supernaturally acute eyesight. (SInv)
((Armour fits poorly on your strangely shaped body.))
((You can roll at nearby foes to attack.))
((You have a long armoured tail.))
((You curl defensively after being hit. (AC +7*)))


Message History

The hound bites you but does no damage.
The iguana bites you but does no damage.
You thump the hound!
The hound is almost dead.
The hound bites you but does no damage.
The iguana bites you but does no damage.
The hound bites you but does no damage.
You sock the hound!
You kill the hound!
The iguana bites you but does no damage.
Your Axes skill increases to level 6!
You completely miss the iguana.
The iguana hisses menacingly.
The iguana bites you but does no damage.
You barely miss the iguana. The iguana bites you.
* * * LOW HITPOINT WARNING * * *
The iguana bites you.
* * * LOW HITPOINT WARNING * * *
Okay, then.
Throw: 3 throwing nets
Press: ? - help, Q - select action, (/) - cycle Shift-Dir - straight line, f - iguana
Aim: an iguana (63% to hit)
You throw a throwing net.
The throwing net barely misses the iguana.
Throw: 2 throwing nets
Press: ? - help, Q - select action, (/) - cycle Shift-Dir - straight line, f/p - iguana
Aim: an iguana (63% to hit)
You throw a throwing net.
The throwing net closely misses the iguana.
The iguana bites you but does no damage.
Throw: throwing net
Press: ? - help, Q - select action, (/) - cycle Shift-Dir - straight line, f/p - iguana
Aim: an iguana (63% to hit)
You throw a throwing net.
The throwing net closely misses the iguana.
The iguana completely misses you.
You thump the iguana!
The iguana is severely wounded.
The iguana bites you.
You die...

## ..# ...#
#########....#
#.....#>.....#
#............#
#..†♣..........
#..)l..########
#.......##
#.#...(.. ..
#..###.. . #.#
?.. #. .... #.
###.#


You could see an iguana.

Vanquished Creatures
  Grinder (D:3)
  A water moccasin skeleton (D:6)
  A hound (D:5)
  3 iguanas
  2 orc wizards (D:3)
  A scorpion zombie (D:3)
  5 adders
  An adder skeleton (D:4)
  2 worms
  4 dart slugs
  17 orcs
  5 bats
  5 endoplasms
  4 giant cockroaches
  4 hobgoblins (D:2)
  5 jackals
  3 kobolds
  2 quokkas
  5 ball pythons
  7 frilled lizards
  8 goblins
  7 rats
93 creatures vanquished.

Notes
Turn   | Place    | Note
-------+----------+-------------------------------------------
     0 | D:1      | cheechan the Palentonga Gladiator began the quest for the
                  | Orb.
     0 | D:1      | Reached XP level 1. HP: 17/17 MP: 1/1
   228 | D:1      | Found Hojar's Jewellery Emporium.
   249 | D:1      | Reached XP level 2. HP: 21/23 MP: 2/2
   256 | D:1      | Found Goseuwn's Armour Emporium.
   269 | D:1      | Found Ricudele's Jewellery Shop.
   437 | D:1      | Found Leabu's Magic Scroll Boutique.
   789 | D:1      | Found Manwus's Distillery.
  1072 | D:2      | Reached XP level 3. HP: 23/28 MP: 3/3
  1666 | D:2      | Reached skill level 1 in Armour
  1743 | D:2      | Reached XP level 4. HP: 36/36 MP: 4/4
  2117 | D:3      | Found a faded altar of an unknown god.
  2122 | D:3      | Reached skill level 4 in Axes
  2212 | D:3      | Reached XP level 5. HP: 16/41 MP: 5/5
  2792 | D:3      | Noticed Grinder
  2799 | D:3      | Paralysed by Grinder for 5 turns
  2811 | D:3      | Killed Grinder
  2812 | D:3      | Reached skill level 5 in Axes
  2812 | D:3      | Reached XP level 6. HP: 10/50 MP: 6/6
  3198 | D:4      | You are sucked into a shaft and drop 2 floors!
  3213 | D:6      | Gained mutation: You curl defensively after being hit. (AC
                  | +7*) [Palentonga growth]
  3213 | D:6      | Reached XP level 7. HP: 33/55 MP: 7/7
  3242 | D:5      | Entered Level 5 of the Dungeon
  3261 | D:5      | Reached skill level 6 in Axes
  3262 | D:5      | HP: 1/84 [iguana (6)]
  3266 | D:5      | Slain by an iguana

Illustrated notes

Levels and vault maps discovered:
D:1:      dpeg_arrival_renting, layout_basic, serial_shops, nicolae_shop_trees,
          shop_coins, shop, shop, nicolae_diamond_shop
D:2:      layout_loops_corners, minmay_increasing_density
D:3:      minmay_wonky_spiral, layout_basic,
          shapermc_ecumenical_altar_notcrosses, uniq_grinder
D:4:      layout_basic, kennysheep_mini_moat, serial_shops, shop
D:5:      layout_rooms, glass_columns_b
D:6:      layout_basic, lemuel_round_altar, mainiacjoe_overflow_alcove_3,
          hangedman_decor_opposing

Skill      XL: |  1  2  3  4  5  6  7 |
---------------+----------------------+-----
Dodging        | 3 |  3.3
Armour         | 1 2 |  2.5
Axes           | 4 5 6 |  6.0
Fighting       | 3 |  3.6
Maces & Flails | |  0.4
Throwing       | |  1.6
Stealth        | |  0.1

Action                   |  1- 3 |  4- 6 |  7- 9 || total
-------------------------+-------+-------+-------++-------
Melee: War axe           |    97 |   115 |       ||   212
       Tailslap          |     9 |    10 |     4 ||    23
       Flail             |       |     9 |    20 ||    29
Throw: Throwing net      |     1 |       |     3 ||     4
 Abil: Rolling Charge    |     8 |    17 |     1 ||    26
  Use: Scroll            |     5 |     2 |       ||     7
       Potion            |       |     2 |     1 ||     3
Armor: Ring mail         |    59 |    40 |     8 ||   107
       Skin              |       |       |    25 ||    25
Dodge: Dodged            |    47 |    63 |     9 ||   119

Table legend: (Time is in decaauts)
 A = Elapsed time spent in this place.
 B = Non-inter-level travel time spent in this place.
 C = Inter-level travel time spent in this place.
 D = Time resting spent in this place.
 E = Time spent auto-exploring this place.
 F = Levels seen in this place.
 G = Mean time per level.
                   A        B        C        D        E       F      G
               +--------+--------+--------+--------+--------+-----+--------+
         Total |   3334 |   3334 |      0 |    407 |      0 |   6 |  555.7 |
       Dungeon |   3334 |   3334 |      0 |    407 |      0 |   6 |  555.7 |
               +--------+--------+--------+--------+--------+-----+--------+

Top non-repeatable levels by time:
     D:2: 1185 daAuts
     D:3: 1096 daAuts
     D:1: 886 daAuts
     D:4: 93 daAuts
     D:6: 45 daAuts
     D:5: 27 daAuts
